 Dungeon Crawl Stone Soup version 0.32-a0-86-g8db1b9f803 (webtiles) character file.

Game seed: 1054176465371624245

96 cforsyth the Magician (level 4, -1/36 HPs)
             Began as a Djinni Warper on Feb 5, 2024.
             Slain by an orc
             ... wielding a +0 war axe
              (4 damage)
             ... on level 3 of the Dungeon.
             The game lasted 00:01:48 (1832 turns).

cforsyth the Magician (Djinni Warper)               Turns: 1832, Time: 00:01:48

Health: -1/36      AC:  3    Str: 10    XL:     4   Next: 98%
Gold:   162        EV: 11    Int: 16    God:
                   SH:  0    Dex: 13

rFire   + + .        a - +0 falchion
rCold   x . .        (no shield)
rNeg    . . .        b - +0 leather armour
rPois   ∞            (no helmet)
rElec   .            (no cloak)
rCorr   .            (no gloves)
SInv    .            (boots unavailable)
Will    .....        (no amulet)
Stlth   +            (no ring)
HPRegen 0.26/turn    (no ring)
MPRegen 0.00/turn

%: infuse magic (-2 HP)
@: flying, very slightly contaminated
A: sickness immunity, fire resistance 2, cold vulnerability 1, float, innate
caster, HP casting, extra vitality 1
a: no special abilities


You were on level 3 of the Dungeon.
You visited 1 branch of the dungeon, and saw 3 of its levels.

You collected 162 gold pieces.

Inventory:

Hand Weapons
 a - a +0 falchion (weapon)
Missiles
 d - 7 darts of dispersal
 g - 3 curare-tipped darts
Armour
 b - a +0 leather armour (worn)
Jewellery
 i - a +6 ring of intelligence
Scrolls
 c - a scroll of blinking
 h - 4 scrolls of identify {unknown}
Potions
 e - 3 potions of lignification {unknown}
 f - a potion of attraction {unknown}
 j - a potion of heal wounds {unknown}
 k - a potion of mutation {unknown}


   Skills:
 + Level 3.6 Fighting
 - Level 1.7 Long Blades
 - Level 0.7 Throwing
 - Level 1.0 Armour
 - Level 2.1 Dodging
 + Level 3.7 Spellcasting
 + Level 3.7 Conjurations
 + Level 3.7 Hexes
 + Level 3.7 Summonings
 + Level 3.7 Necromancy
 + Level 3.7 Translocations
 + Level 3.7 Fire Magic
 + Level 3.7 Ice Magic
 + Level 3.7 Air Magic
 + Level 3.7 Earth Magic
 + Level 3.7 Alchemy


You knew the following spells:

 Your Spells              Type           Power      Damage    Failure   Level
a - Blink                 Tloc           28%        N/A       8%          2
b - Lesser Beckoning      Tloc           28%        N/A       8%          2
c - Teleport Other        Tloc           14%        N/A       16%         3
d - Manifold Assault      Tloc           14%        N/A       45%         4
e - Vhi's Electric Charg  Tloc/Air       28%        N/A       45%         4
f - Sandblast             Erth           28%        2d8       5%          1
Your spell library was empty.

Dungeon Overview and Level Annotations

Branches:
Dungeon (3/15)

Altars:

Shops:
D:1 (


Innate Abilities, Weirdness & Mutations

You are immune to sickness and miasma.
You are immune to poison.
Your flesh is very heat resistant. (rF++)
You are vulnerable to cold. (rC-)
You float through the air rather than walking.
You learn spells naturally, not from books.
Your magical power is your life essence.
You have superior vitality. (+4 MHP)


Message History

An endoplasm is nearby!
The blast of sand hits the endoplasm.
The endoplasm is heavily wounded.
The endoplasm quivers.
The blast of sand hits the endoplasm!
You kill the endoplasm!
You can't see any susceptible monsters within range! (Use Z to cast anyway.)
You can't see any susceptible monsters within range! (Use Z to cast anyway.)
An orc comes into view. It is wielding a +0 club.
There are no items here.
An orc is nearby!
Found a rapier.
The orc shouts!
You hear a shout!
You hear an angry hiss.
You hear a shout!
An orc comes into view. It is wielding a +0 war axe.
An orc comes into view. It is wielding a +5 dagger.
You hear a shout!
The orc shouts!
You can't see any susceptible monsters within range! (Use Z to cast anyway.)
You can't see any susceptible monsters within range! (Use Z to cast anyway.)
You can't see any susceptible monsters within range! (Use Z to cast anyway.)
The blast of sand hits the orc!
The orc is almost dead.
An adder comes into view.
You miscast Sandblast.
You are very lightly contaminated with residual magic.
Nothing appears to happen.
An orc comes into view. It is wielding a +0 club.
The blast of sand hits the orc!
You kill the orc!
An orc comes into view. It is wielding a +0 mace.
The blast of sand hits the orc but does no damage.
The orc shouts!
The orc closely misses you.
You miscast Sandblast.
Nothing appears to happen.
The orc misses you.
The blast of sand hits the orc but does no damage.
The orc hits you with a +5 dagger! x2; The orc hits you with a +0 war axe!
* * * LOW HITPOINT WARNING * * *
The adder attacks as it pursues you! The adder bites you.
* * * LOW HITPOINT WARNING * * *
The orc attacks as it pursues you! The orc hits you with a +0 war axe.
You die...

##.#.##.##.##.#
#...##.##.##.#
###..##.##.##.#####
..................#
###.[#.[######.##.#
###..#..# #.##.#
.##..#..### #.##.#
............##.##.#
.....#..###....o@.###.#
###.##..# #....So.....#
# #. #...)....o.#####.#
#.##..o.. #......
.......## .......##
#.#####.# #. ..#


You could see an adder and 4 orcs.

Vanquished Creatures
  4 adders
  2 ribbon worms (D:2)
  2 dart slugs (D:2)
  An orc (D:3)
  2 ball pythons (D:1)
  3 endoplasms
  3 giant cockroaches
  5 goblins (D:1)
  8 hobgoblins
  3 kobolds
  A quokka (D:1)
  3 bats
  4 frilled lizards
  8 rats
49 creatures vanquished.

Notes
Turn   | Place    | Note
-------+----------+-------------------------------------------
     0 | D:1      | cforsyth the Djinni Warper began the quest for the Orb.
     0 | D:1      | cforsyth set off with the following spells memorised:
                  | Blink, Lesser Beckoning, Teleport Other, Manifold Assault,
                  | Vhi's Electric Charge.
     0 | D:1      | Reached XP level 1. HP: 18/18 MP: 0/0
   133 | D:1      | Reached XP level 2. HP: 20/23 MP: 0/0
   348 | D:1      | Found Sofam's Weapon Emporium.
   514 | D:1      | Reached XP level 3. HP: 10/29 MP: 0/0
   514 | D:1      | Learned a level 1 spell: Sandblast
  1151 | D:2      | Reached XP level 4. HP: 34/35 MP: 0/0
  1832 | D:3      | Slain by an orc

Illustrated notes

Levels and vault maps discovered:
D:1:      dpeg_arrival_stonehenge_8_columns, layout_basic, serial_shops,
          nicolae_shop_bloodbath_and_beyond, serial_park_tiny_2
D:2:      layout_basic
D:3:      layout_loops_ring, serial_shops, nicolae_shop_tiny_statue_garden

Skill      XL: |  1  2  3 |
---------------+----------+-----
Spellcasting   | 3 |  3.7
Conjurations   | 3 |  3.7
Hexes          | 3 |  3.7
Summonings     | 3 |  3.7
Necromancy     | 3 |  3.7
Translocations | 3 |  3.7
Fire Magic     | 3 |  3.7
Ice Magic      | 3 |  3.7
Air Magic      | 3 |  3.7
Earth Magic    | 3 |  3.7
Alchemy        | 3 |  3.7
Fighting       | 3 |  3.6
Long Blades    | |  1.7
Throwing       | |  0.7
Armour         | |  1.0
Dodging        | |  2.1

Action                     |  1- 3 |  4- 6 || total
---------------------------+-------+-------++-------
  Melee: Falchion          |    62 |       ||    62
         Punch             |     1 |       ||     1
   Cast: Sandblast         |    20 |    35 ||    55
 Armour: Leather armour    |    44 |    11 ||    55
  Dodge: Dodged            |    38 |    11 ||    49

Table legend: (Time is in decaauts)
 A = Elapsed time spent in this place.
 B = Non-inter-level travel time spent in this place.
 C = Inter-level travel time spent in this place.
 D = Time resting spent in this place.
 E = Time spent auto-exploring this place.
 F = Levels seen in this place.
 G = Mean time per level.
                   A        B        C        D        E       F      G
               +--------+--------+--------+--------+--------+-----+--------+
         Total |   1872 |   1811 |     61 |      0 |   1525 |   3 |  624.0 |
       Dungeon |   1872 |   1811 |     61 |      0 |   1525 |   3 |  624.0 |
               +--------+--------+--------+--------+--------+-----+--------+

Top non-repeatable levels by time:
     D:1: 979 daAuts
     D:2: 773 daAuts
     D:3: 118 daAuts
